TOP OF THE 1ST |
Greensboro Grasshoppers batting - Pitching for Lakewood BlueClaws : RHP Jamie Gordam
|
Pitching: RHP Jamie Gordam
|
|
Batting: RHB Harrie de Kam
|
0-0: Called Strike 0-1: Ground out U3 (Groundball, 3, EV 88.1 MPH)
|
Batting: RHB Rafael Irizarry
|
0-0: Ball 1-0: Foul Ball, location: 2F 1-1: SINGLE (Line Drive, 34D, EV 95.0 MPH)
|
Batting: RHB Larry LeFever
|
0-0: Called Strike 0-1: 2-RUN HOME RUN (Flyball, 7D, EV 102.5 MPH), Distance : 378 ft
|
Batting: LHB Jose Cabello
|
0-0: Foul Ball, location: 2F 0-1: Ball 1-1: Called Strike 1-2: Fly out, F9 (Flyball, 9, EV 81.2 MPH)
|
Batting: RHB Nate Crofts
|
0-0: Ball 1-0: Ball 2-0: Ball 3-0: Base on Balls
|
Batting: RHB J.D. Vander Klok
|
0-0: Ball 1-0: Called Strike 1-1: Swinging Strike 1-2: SINGLE (Groundball, 6MD, EV 102.5 MPH) Nate Crofts to second
|
Batting: RHB Dennis Coppolino
|
0-0: Called Strike 0-1: DOUBLE (Line Drive, 9LM, EV 105.6 MPH) Nate Crofts scores J.D. Vander Klok to third
|
Batting: RHB Nick Dunton
|
0-0: Called Strike 0-1: Foul Ball, location: 2F 0-2: Foul Ball, location: 2F 0-2: Ball 1-2: Foul Ball, location: 2F 1-2: Ball 2-2: Ball 3-2: Ground out 4-3 (Groundball, 4MD, EV 106.9 MPH)
|
Top of the 1st over - 3 runs, 4 hits, 0 errors, 2 left on base; Greensboro 3 - Lakewood 0 |
BOTTOM OF THE 1ST |
Lakewood BlueClaws batting - Pitching for Greensboro Grasshoppers : LHP Hideo Komatsu
|
Pitching: LHP Hideo Komatsu
|
|
Batting: LHB Matt Urbanek
|
0-0: DOUBLE (Groundball, 3L, EV 102.5 MPH)
|
Batting: RHB Vaclav Been
|
0-0: Foul Ball, location: 2F 0-1: DOUBLE (Flyball, 8LXD, EV 103.1 MPH) Matt Urbanek scores
|
Batting: RHB Mike Bell
|
0-0: Called Strike 0-1: Foul Ball, location: 2F 0-2: Ball 1-2: Strikes out swinging
|
Batting: RHB Victor Arias
|
0-0: Called Strike 0-1: SINGLE (Line Drive, 8LS, EV 94.4 MPH) Vaclav Been to third Runner from 3rd tries for Home, SAFE, throw by CF to home Victor Arias to second
|
Batting: SHB Steve DeRienzo
|
0-0: Ball 1-0: Ball 2-0: Ball 3-0: Called Strike 3-1: Base on Balls
|
Batting: RHB Trent Hedrick
|
0-0: Ball 1-0: Called Strike 1-1: Foul Ball, location: 2F 1-2: Foul Ball, location: 2F 1-2: Fielders Choice at 2nd, 5-4 (Groundball, 56, EV 107.5 MPH) Victor Arias to third
|
Batting: LHB Eric Farren
|
0-0: Ball 1-0: Ball 2-0: Called Strike 2-1: Foul Ball, location: 2F 2-2: Strikes out swinging
|
Bottom of the 1st over - 2 runs, 3 hits, 0 errors, 2 left on base; Greensboro 3 - Lakewood 2 |
TOP OF THE 2ND |
Greensboro Grasshoppers batting - Pitching for Lakewood BlueClaws : RHP Jamie Gordam
|
Batting: RHB Chris Alft
|
0-0: Called Strike 0-1: Ball 1-1: Swinging Strike 1-2: SOLO HOME RUN (Flyball, 7D, EV 96.9 MPH), Distance : 356 ft
|
Batting: RHB Harrie de Kam
|
0-0: Ball 1-0: Ball 2-0: Foul Ball, location: 2F 2-1: Called Strike 2-2: Foul Ball, location: 2F 2-2: Hit by Pitch
|
Batting: RHB Rafael Irizarry
|
0-0: Ball 1-0: DOUBLE (Flyball, 89D, EV 106.2 MPH) Harrie de Kam to third
|
Batting: RHB Larry LeFever
|
0-0: Ball 1-0: Fly out, F8 (Flyball, 78M, EV 72.5 MPH) Runner from 3rd tags up, SCORES, throw by CF
|
Batting: LHB Jose Cabello
|
0-0: Ball Rafael Irizarry steals 3rd base 1-0: DOUBLE (Popup, 4MD, EV 40.0 MPH) Rafael Irizarry scores
|
Pitching: RHP Jeff van Schaik
|
|
Batting: RHB Nate Crofts
|
0-0: Ball 1-0: Called Strike 1-1: Ball 2-1: Foul Ball, location: 2F 2-2: Ball 3-2: Strikes out swinging
|
Batting: RHB J.D. Vander Klok
|
0-0: Ball 1-0: Ground out 4-3 (Groundball, 4S, EV 83.8 MPH)
|
Top of the 2nd over - 3 runs, 3 hits, 0 errors, 1 left on base; Greensboro 6 - Lakewood 2 |
BOTTOM OF THE 2ND |
Lakewood BlueClaws batting - Pitching for Greensboro Grasshoppers : LHP Hideo Komatsu
|
Batting: RHB Johnny Burroughs
|
0-0: Called Strike 0-1: Foul Ball, location: 2F 0-2: Ball 1-2: Ball 2-2: Ground out 6-3 (Groundball, 6, EV 88.1 MPH)
|
Batting: RHB Cory Bonham
|
0-0: Ball 1-0: Called Strike 1-1: Foul Ball, location: 2F 1-2: Ball 2-2: Strikes out swinging
|
Batting: LHB Matt Urbanek
|
0-0: Ball 1-0: Foul Ball, location: 2F 1-1: Foul Ball, location: 2F 1-2: Ball 2-2: Ground out U3 (Groundball, 34, EV 82.5 MPH)
|
Bottom of the 2nd over - 0 runs, 0 hits, 0 errors, 0 left on base; Greensboro 6 - Lakewood 2 |
TOP OF THE 3RD |
Greensboro Grasshoppers batting - Pitching for Lakewood BlueClaws : RHP Jeff van Schaik
|
Batting: RHB Dennis Coppolino
|
0-0: Foul Ball, location: 2F 0-1: Ball 1-1: Swinging Strike 1-2: Fly out, F9 (Line Drive, 9S, EV 90.6 MPH)
|
Batting: RHB Nick Dunton
|
0-0: Called Strike 0-1: Ball 1-1: Ball 2-1: Swinging Strike 2-2: Ball 3-2: Hit by Pitch
|
Batting: RHB Chris Alft
|
0-0: Foul Ball, location: 2F 0-1: Swinging Strike 0-2: Ball 1-2: Ball 2-2: Ball 3-2: Strikes out swinging
|
Batting: RHB Harrie de Kam
|
0-0: Fielders Choice at 2nd, U4 (Groundball, 4M, EV 101.9 MPH)
|
Top of the 3rd over - 0 runs, 0 hits, 0 errors, 1 left on base; Greensboro 6 - Lakewood 2 |
BOTTOM OF THE 3RD |
Lakewood BlueClaws batting - Pitching for Greensboro Grasshoppers : LHP Hideo Komatsu
|
Batting: RHB Vaclav Been
|
0-0: Fly out, F6 (Flyball, 6D, EV 89.4 MPH)
|
Batting: RHB Mike Bell
|
0-0: Foul Ball, location: 2F 0-1: Foul Ball, location: 2F 0-2: Ball 1-2: Ball 2-2: Strikes out swinging
|
Batting: RHB Victor Arias
|
0-0: Ball 1-0: Ball 2-0: Swinging Strike 2-1: Ball 3-1: Swinging Strike 3-2: Foul Ball, location: 2F 3-2: Reached on error, E4 (Groundball, 34, EV 106.2 MPH)
|
Batting: SHB Steve DeRienzo
|
0-0: Ball 1-0: Fly out, F9 (Flyball, 9LM, EV 89.4 MPH)
|
Bottom of the 3rd over - 0 runs, 0 hits, 1 error, 1 left on base; Greensboro 6 - Lakewood 2 |
TOP OF THE 4TH |
Greensboro Grasshoppers batting - Pitching for Lakewood BlueClaws : RHP Jeff van Schaik
|
Batting: RHB Rafael Irizarry
|
0-0: Ball 1-0: Ball 2-0: Called Strike 2-1: Ball 3-1: Fly out, F9 (Flyball, 89D, EV 84.4 MPH)
|
Batting: RHB Larry LeFever
|
0-0: Ball 1-0: Ball 2-0: Ball 3-0: Base on Balls
|
Batting: LHB Jose Cabello
|
0-0: Ball 1-0: Ball 2-0: Ball 3-0: Called Strike 3-1: Called Strike 3-2: Foul Ball, location: 2F 3-2: Foul Ball, location: 2F 3-2: Ground out 4-3 (Groundball, 4, EV 99.4 MPH) Larry LeFever to second
|
Batting: RHB Nate Crofts
|
0-0: Called Strike 0-1: Swinging Strike 0-2: Foul Ball, location: 2F 0-2: Ball 1-2: SINGLE (Groundball, 3D, EV 103.8 MPH) Larry LeFever to third Runner from 3rd tries for Home, SAFE, throw by RF to home
|
Batting: RHB J.D. Vander Klok
|
0-0: Called Strike 0-1: Ball 1-1: SINGLE (Groundball, 25, EV 72.5 MPH) (infield hit) Nate Crofts to second
|
Batting: RHB Dennis Coppolino
|
0-0: 3-RUN HOME RUN (Line Drive, 7D, EV 98.8 MPH), Distance : 390 ft
|
Batting: RHB Nick Dunton
|
0-0: Foul Ball, location: 2F 0-1: Ball 1-1: Called Strike 1-2: Strikes out looking
|
Top of the 4th over - 4 runs, 3 hits, 0 errors, 0 left on base; Greensboro 10 - Lakewood 2 |
BOTTOM OF THE 4TH |
Lakewood BlueClaws batting - Pitching for Greensboro Grasshoppers : LHP Hideo Komatsu
|
Batting: RHB Trent Hedrick
|
0-0: Ball 1-0: Ground out 1-3 (Groundball, 23, EV 65.0 MPH)
|
Batting: LHB Eric Farren
|
0-0: Ball 1-0: Fly out, F9 (Flyball, 9S, EV 96.2 MPH)
|
Batting: RHB Johnny Burroughs
|
0-0: Called Strike 0-1: Ball 1-1: Ball 2-1: Fly out, F8 (Flyball, 89S, EV 83.1 MPH)
|
Bottom of the 4th over - 0 runs, 0 hits, 0 errors, 0 left on base; Greensboro 10 - Lakewood 2 |
TOP OF THE 5TH |
Greensboro Grasshoppers batting - Pitching for Lakewood BlueClaws : RHP Jeff van Schaik
|
Pitching: RHP Alec Guglielmo
|
|
Batting: RHB Chris Alft
|
0-0: Ball 1-0: Called Strike 1-1: Called Strike 1-2: Ground out 6-3 (Groundball, 6S, EV 85.0 MPH)
|
Batting: RHB Harrie de Kam
|
0-0: Ground out 1-3 (Groundball, P, EV 70.0 MPH)
|
Batting: RHB Rafael Irizarry
|
0-0: Ball 1-0: Ball 2-0: Ball 3-0: Called Strike 3-1: Base on Balls
|
Batting: RHB Larry LeFever
|
0-0: Ball 1-0: Called Strike Rafael Irizarry steals 2nd base 1-1: Ball 2-1: Ball 3-1: Base on Balls
|
Batting: LHB Jose Cabello
|
0-0: Ball 1-0: Swinging Strike 1-1: Called Strike 1-2: Foul Ball, location: 2F 1-2: Fielders Choice at 2nd, 6-4 (Groundball, 6, EV 90.6 MPH)
|
Top of the 5th over - 0 runs, 0 hits, 0 errors, 2 left on base; Greensboro 10 - Lakewood 2 |
BOTTOM OF THE 5TH |
Lakewood BlueClaws batting - Pitching for Greensboro Grasshoppers : LHP Hideo Komatsu
|
Batting: RHB Cory Bonham
|
0-0: Ball 1-0: Called Strike 1-1: Foul Ball, location: 2F 1-2: Foul Ball, location: 2F 1-2: Foul Ball, location: 2F 1-2: Ball 2-2: Ground out 3-1 (Groundball, 34, EV 80.6 MPH)
|
Batting: LHB Matt Urbanek
|
0-0: Ball 1-0: SOLO HOME RUN (Flyball, 89XD, EV 106.9 MPH), Distance : 421 ft
|
Batting: RHB Vaclav Been
|
0-0: Ball 1-0: Foul Ball, location: 2F 1-1: Called Strike 1-2: Ball 2-2: Ball 3-2: Foul Ball, location: 2F 3-2: Base on Balls
|
Batting: RHB Mike Bell
|
0-0: Ball 1-0: Ball 2-0: Ball 3-0: Foul Ball, location: 2F 3-1: Foul Ball, location: 2F 3-2: Foul Ball, location: 2F 3-2: Foul Ball, location: 2F 3-2: Foul Ball, location: 2F 3-2: Fielders Choice at 2nd, 6-4 (Groundball, 6, EV 84.4 MPH)
|
Batting: RHB Victor Arias
|
0-0: Called Strike 0-1: Ball 1-1: Ball Mike Bell steals 2nd base 2-1: Called Strike 2-2: Ball 3-2: Base on Balls
|
Batting: SHB Steve DeRienzo
|
0-0: Ball 1-0: SINGLE (Groundball, 56D, EV 96.9 MPH) Mike Bell to third Victor Arias to second Runner from 3rd tries for Home, SAFE, throw by LF to home
|
Batting: RHB Trent Hedrick
|
0-0: SINGLE (Line Drive, 89S, EV 99.4 MPH) Victor Arias to third Steve DeRienzo to second Runner from 3rd tries for Home, throw by RF and OUT! 9-2
|
Bottom of the 5th over - 2 runs, 3 hits, 0 errors, 2 left on base; Greensboro 10 - Lakewood 4 |
TOP OF THE 6TH |
Greensboro Grasshoppers batting - Pitching for Lakewood BlueClaws : RHP Alec Guglielmo
|
Batting: RHB Nate Crofts
|
0-0: Ball 1-0: Ball 2-0: Ball 3-0: Base on Balls
|
Pitching: RHP Andrew Giles
|
|
Batting: RHB J.D. Vander Klok
|
0-0: Swinging Strike 0-1: Ball 1-1: Ball 2-1: Swinging Strike 2-2: Foul Ball, location: 2F 2-2: SINGLE (Groundball, 34D, EV 98.1 MPH) Nate Crofts to second Runner from 2nd tries for 3rd, SAFE, no throw by RF
|
Batting: RHB Dennis Coppolino
|
0-0: Ball 1-0: Foul Ball, location: 2F 1-1: Foul Ball, location: 2F 1-2: Foul Ball, location: 2F 1-2: Strikes out swinging
|
Batting: RHB Nick Dunton
|
0-0: Called Strike 0-1: Foul Ball, location: 2F 0-2: Ball 1-2: Ball 2-2: Foul Ball, location: 2F 2-2: Foul Ball, location: 2F 2-2: Ball 3-2: Foul Ball, location: 2F 3-2: Strikes out swinging
|
Batting: RHB Chris Alft
|
0-0: Ball 1-0: Fly out, F7 (Flyball, 7, EV 76.2 MPH)
|
Top of the 6th over - 0 runs, 1 hit, 0 errors, 2 left on base; Greensboro 10 - Lakewood 4 |
BOTTOM OF THE 6TH |
Lakewood BlueClaws batting - Pitching for Greensboro Grasshoppers : LHP Hideo Komatsu
|
Pitching: RHP Mike Yorke
|
|
Batting: LHB Eric Farren
|
0-0: Called Strike 0-1: Ground out 4-3 (Groundball, 4, EV 84.4 MPH)
|
Batting: RHB Johnny Burroughs
|
0-0: Ball 1-0: Called Strike 1-1: Ball 2-1: Called Strike 2-2: Strikes out looking
|
Batting: RHB Cory Bonham
|
0-0: Called Strike 0-1: Foul Ball, location: 2F 0-2: Foul Ball, location: 2F 0-2: Ball 1-2: Ball 2-2: Fly out, F9 (Flyball, 9D, EV 104.4 MPH)
|
Bottom of the 6th over - 0 runs, 0 hits, 0 errors, 0 left on base; Greensboro 10 - Lakewood 4 |
TOP OF THE 7TH |
Greensboro Grasshoppers batting - Pitching for Lakewood BlueClaws : RHP Andrew Giles
|
Batting: RHB Harrie de Kam
|
0-0: Foul Ball, location: 2F 0-1: Ball 1-1: Ball 2-1: Ball 3-1: Swinging Strike 3-2: Strikes out looking
|
Batting: RHB Rafael Irizarry
|
0-0: Ball 1-0: Fly out, F9 (Flyball, 9, EV 89.4 MPH)
|
Batting: RHB Larry LeFever
|
0-0: Ball 1-0: Ball 2-0: Ball 3-0: Base on Balls
|
Pitching: RHP David Oviedo
|
|
Batting: LHB Jose Cabello
|
0-0: Foul Ball, location: 2F 0-1: Called Strike 0-2: Foul Ball, location: 2F 0-2: Strikes out swinging
|
Top of the 7th over - 0 runs, 0 hits, 0 errors, 1 left on base; Greensboro 10 - Lakewood 4 |
BOTTOM OF THE 7TH |
Lakewood BlueClaws batting - Pitching for Greensboro Grasshoppers : RHP Mike Yorke
|
Batting: LHB Matt Urbanek
|
0-0: Ball 1-0: Ball 2-0: Called Strike 2-1: Reached on error, E5 (Groundball, 56, EV 88.1 MPH)
|
Batting: RHB Vaclav Been
|
0-0: Called Strike Matt Urbanek steals 2nd base (no throw) 0-1: Foul Ball, location: 2F 0-2: Strikes out swinging
|
Batting: RHB Mike Bell
|
0-0: Ball 1-0: Foul Ball, location: 2F 1-1: Ball 2-1: Swinging Strike 2-2: Strikes out swinging
|
Batting: RHB Victor Arias
|
0-0: Swinging Strike 0-1: Ball 1-1: Foul Ball, location: 2F 1-2: Foul Ball, location: 2F 1-2: Fly out, F9 (Line Drive, 9S, EV 108.8 MPH)
|
Bottom of the 7th over - 0 runs, 0 hits, 1 error, 1 left on base; Greensboro 10 - Lakewood 4 |
TOP OF THE 8TH |
Greensboro Grasshoppers batting - Pitching for Lakewood BlueClaws : RHP David Oviedo
|
Batting: RHB Nate Crofts
|
0-0: Ball 1-0: Ball 2-0: Ball 3-0: Base on Balls
|
Batting: RHB J.D. Vander Klok
|
0-0: Ball 1-0: Ball 2-0: SINGLE (Groundball, 6MD, EV 96.2 MPH) Nate Crofts to second Runner from 2nd tries for 3rd, SAFE, throw by CF made to third
|
Batting: RHB Dennis Coppolino
|
0-0: Called Strike 0-1: Fly out, F6 (Line Drive, 6M, EV 66.2 MPH)
|
Batting: RHB Nick Dunton
|
0-0: Foul Ball, location: 2F 0-1: Swinging Strike 0-2: Ball 1-2: Ball 2-2: Ball 3-2: Strikes out looking J.D. Vander Klok steals 2nd base Batter strikes out.
|
Batting: RHB Chris Alft
|
0-0: Ball 1-0: Ball 2-0: Called Strike 2-1: Foul Ball, location: 2F 2-2: Fly out, F3 (Popup, 3S, EV 70.6 MPH)
|
Top of the 8th over - 0 runs, 1 hit, 0 errors, 2 left on base; Greensboro 10 - Lakewood 4 |
BOTTOM OF THE 8TH |
Lakewood BlueClaws batting - Pitching for Greensboro Grasshoppers : RHP Mike Yorke
|
Pitching: RHP Bill Padgett
|
|
Batting: SHB Steve DeRienzo
|
0-0: Called Strike 0-1: Called Strike 0-2: Ball 1-2: Foul Ball, location: 2F 1-2: Strikes out looking
|
Batting: RHB Trent Hedrick
|
0-0: Ball 1-0: Ball 2-0: Ball 3-0: Base on Balls
|
Batting: LHB Eric Farren
|
0-0: Called Strike 0-1: Ball 1-1: Foul Ball, location: 2F 1-2: Foul Ball, location: 2F 1-2: Ball 2-2: Foul Ball, location: 2F Pickoff Throw to First - Error! E1 Trent Hedrick to second 2-2: Foul Ball, location: 2F 2-2: Strikes out looking
|
Batting: RHB Johnny Burroughs
|
0-0: Called Strike 0-1: Ball 1-1: Foul Ball, location: 2F 1-2: Ball 2-2: Strikes out swinging
|
Bottom of the 8th over - 0 runs, 0 hits, 1 error, 1 left on base; Greensboro 10 - Lakewood 4 |
TOP OF THE 9TH |
Greensboro Grasshoppers batting - Pitching for Lakewood BlueClaws : RHP David Oviedo
|
Batting: RHB Harrie de Kam
|
0-0: Ball 1-0: Ground out 6-3 (Groundball, 6D, EV 105.6 MPH)
|
Batting: RHB Rafael Irizarry
|
0-0: Called Strike 0-1: Foul Ball, location: 2F 0-2: Strikes out swinging
|
Batting: RHB Larry LeFever
|
0-0: Ball 1-0: Ball 2-0: Called Strike 2-1: Ball 3-1: Called Strike 3-2: Foul Ball, location: 2F 3-2: Strikes out looking
|
Top of the 9th over - 0 runs, 0 hits, 0 errors, 0 left on base; Greensboro 10 - Lakewood 4 |
BOTTOM OF THE 9TH |
Lakewood BlueClaws batting - Pitching for Greensboro Grasshoppers : RHP Bill Padgett
|
Pitching: LHP Tyler Murders
|
|
Batting: RHB Cory Bonham
|
0-0: Called Strike 0-1: Called Strike 0-2: Ball 1-2: Ground out 3-1 (Groundball, 34, EV 104.4 MPH)
|
Batting: LHB Matt Urbanek
|
0-0: Fly out, F8 (Flyball, 89S, EV 87.5 MPH)
|
Batting: RHB Vaclav Been
|
0-0: Ball 1-0: Ball 2-0: Called Strike 2-1: Swinging Strike 2-2: Fly out, F8 (Flyball, 89S, EV 84.4 MPH)
|
Bottom of the 9th over - 0 runs, 0 hits, 0 errors, 0 left on base; Greensboro 10 - Lakewood 4 |
|